 Dungeon Crawl Stone Soup version 0.32-a0-699-g1ee5eff69a (webtiles) character file.

Game seed: 12360785225742474448

1070 BubbleThief the Covert (level 8, 0/44 HPs)
             Began as a Kobold Brigand on Mar 13, 2024.
             Slain by hattop's ghost (19 damage)
             ... on level 5 of the Dungeon.
             The game lasted 00:06:07 (4237 turns).

BubbleThief the Covert (Kobold Brigand)             Turns: 4237, Time: 00:06:07

Health: 0/44       AC:  6    Str: 12    XL:     8   Next: 53%
Magic:  17/17      EV: 13    Int: 12    God:
Gold:   256        SH:  0    Dex: 18    Spells: 7/7 levels left

rFire   . . .        f - +3 short sword "Qirayd" {spect, rCorr MP+9 Str+3}
rCold   . . .        (no shield)
rNeg    . . .        b - +0 robe
rPois   .            l - +0 helmet
rElec   .            c - +0 cloak
rCorr   +            n - +0 pair of gloves
SInv    .            i - +0 pair of boots
Will    .....        (no amulet)
Stlth   ++++++       (no ring)
HPRegen 0.27/turn    (no ring)
MPRegen 0.15/turn

%: no passive effects
@: no status effects
A: small, no large weapons, nightstalker 3
a: no special abilities


You were on level 5 of the Dungeon.
You visited 1 branch of the dungeon, and saw 5 of its levels.

You collected 256 gold pieces.

Inventory:

Hand Weapons
 a - a +2 dagger
 f - the +3 short sword "Qirayd" (weapon) {spect, rCorr MP+9 Str+3}
   (You acquired it on level 3 of the Dungeon)

   Str+3:     It affects your strength (+3).
   MP+9:      It affects your magic capacity (+9).
   rCorr:     It protects you from acid and corrosion.
 g - a +0 rapier
Missiles
 d - 13 poisoned darts
 e - 3 curare-tipped darts (quivered)
Armour
 b - a +0 robe (worn)
 c - a +0 cloak (worn)
 i - a +0 pair of boots (worn)
 l - a +0 helmet (worn)
 n - a +0 pair of gloves (worn)
Wands
 u - a wand of charming (9)
Scrolls
 j - 2 scrolls of amnesia
 r - a scroll of enchant weapon {unknown}
 s - a scroll of fear {unknown}
 t - a scroll of brand weapon {unknown}
 v - 2 scrolls of identify {unknown}
 w - a scroll of revelation {unknown}
Potions
 h - a potion of invisibility {unknown}
 k - 3 potions of ambrosia {unknown}
 m - a potion of haste {unknown}
 o - 2 potions of degeneration {unknown}
 p - a potion of berserk rage {unknown}
 q - a potion of heal wounds {unknown}
 x - 2 potions of curing {unknown}


   Skills:
 - Level 2.1 Fighting
 + Level 9.1 Short Blades
 - Level 2.1 Throwing
 - Level 1.2 Dodging
 + Level 10.9 Stealth


You had 7 spell levels left.
You didn't know any spells.
Your spell library contained the following spells:

 Spells                   Type           Power      Damage    Failure   Level
 Freeze                   Ice            0%         1d3       32%         1
 Scorch                   Fire           0%         2d5       45%         2
 Frozen Ramparts          Ice            0%         1d1       69%         3
 Hailstorm                Conj/Ice       0%         3d5       69%         3
 Flame Wave               Conj/Fire      0%         2d4       97%         4
 Summon Cactus Giant      Summ           0%         N/A       100%        6


Dungeon Overview and Level Annotations

Branches:
Dungeon (5/15)
 Temple: D:4-7

Altars:
Okawaru
Wu Jian

Annotations:
D:5 hattop's ghost, amateur MDMo


Innate Abilities, Weirdness & Mutations

You are small and have problems with some larger weapons.
You are completely attuned to the shadows.


Message History

Hattop's ghost barely misses you.
You hit hattop's ghost but do no damage.
Your +3 short sword "Qirayd" {spect, rCorr MP+9 Str+3} hits hattop's ghost.
Hattop's ghost hits you!
You hit hattop's ghost but do no damage.
Hattop's ghost is lightly damaged.
Your +3 short sword "Qirayd" {spect, rCorr MP+9 Str+3} hits hattop's ghost.
You hit hattop's ghost.
Hattop's ghost is lightly damaged.
Your +3 short sword "Qirayd" {spect, rCorr MP+9 Str+3} hits hattop's ghost but does no damage.
Hattop's ghost hits you but does no damage.
Unknown command.
You barely miss hattop's ghost.
Hattop's ghost is lightly damaged.
Your +3 short sword "Qirayd" {spect, rCorr MP+9 Str+3} completely misses hattop's ghost.
Hattop's ghost misses you.
You hit hattop's ghost.
Hattop's ghost is lightly damaged.
Your +3 short sword "Qirayd" {spect, rCorr MP+9 Str+3} hits hattop's ghost.
You puncture hattop's ghost!
Hattop's ghost is moderately damaged.
Your +3 short sword "Qirayd" {spect, rCorr MP+9 Str+3} misses hattop's ghost.
Hattop's ghost hits you!
You puncture hattop's ghost!
Hattop's ghost is heavily damaged.
Your +3 short sword "Qirayd" {spect, rCorr MP+9 Str+3} misses hattop's ghost.
Unknown command.
You hit hattop's ghost.
Hattop's ghost is heavily damaged.
Your +3 short sword "Qirayd" {spect, rCorr MP+9 Str+3} hits hattop's ghost but does no damage.
Hattop's ghost barely misses you.
You hit hattop's ghost but do no damage.
Hattop's ghost is heavily damaged.
Your +3 short sword "Qirayd" {spect, rCorr MP+9 Str+3} hits hattop's ghost but does no damage.
Unknown command.
You hit hattop's ghost but do no damage.
Hattop's ghost is heavily damaged.
Your +3 short sword "Qirayd" {spect, rCorr MP+9 Str+3} closely misses hattop's ghost.
Hattop's ghost hits you!!
You die...

#.###### #.....# #.###
..############.....##########.##.
...........[)...............÷....
.######.....#......####.......##<
.######.....#......# #...#..####
..#...'....####''### #...#...#
#.....#....#§§.≈...## #...#...##
###.....#.###.§#.⌠.~# #...##...#
###.....#.# #~§.@~#~# #...##...#
........#.# .#.(W.≈####...##...##
###.....#.# #.#~####.))[.###...#
..#.....#.###########..#### #....
#.#..........#.........# ##...
#...................÷..# ###.
#####....[...#.........# ##
#........#.........#
#####........#.........####


You could see hattop's ghost and a friendly +3 short sword "Qirayd" {spect,
rCorr MP+9 Str+3}.

Vanquished Creatures
  Grinder (D:3)
  Sigmund (D:2)
  A black bear (D:5)
  3 scorpions
  A howler monkey (D:5)
  2 bombardier beetles
  A jelly (D:5)
  2 orc priests (D:5)
  A hound (D:5)
  Jessica (D:2)
  2 iguanas (D:4)
  3 gnolls
  3 adders
  A dart slug (D:5)
  2 ribbon worms
  9 orcs
  11 ball pythons
  9 bats
  7 endoplasms
  2 giant cockroaches
  10 goblins
  6 hobgoblins
  5 kobolds
  A quokka (D:3)
  3 frilled lizards
  7 rats (D:1)
95 creatures vanquished.

Notes
Turn   | Place    | Note
-------+----------+-------------------------------------------
     0 | D:1      | BubbleThief the Kobold Brigand began the quest for the Orb.
     0 | D:1      | Reached XP level 1. HP: 12/12 MP: 1/1
    61 | D:1      | Reached XP level 2. HP: 15/17 MP: 2/2
   299 | D:1      | Reached XP level 3. HP: 21/21 MP: 3/3
   310 | D:1      | Reached skill level 6 in Stealth
   605 | D:2      | Noticed Sigmund
   612 | D:2      | Noticed Jessica
   614 | D:2      | Killed Jessica
   615 | D:2      | Reached XP level 4. HP: 26/26 MP: 4/4
   654 | D:2      | Killed Sigmund
   655 | D:2      | Reached skill level 5 in Short Blades
   655 | D:2      | Reached skill level 7 in Stealth
   655 | D:2      | Reached XP level 5. HP: 30/30 MP: 5/5
   655 | D:2      | Reached XP level 6. HP: 35/35 MP: 6/6
  1480 | D:3      | Reached skill level 8 in Stealth
  1579 | D:3      | Noticed Grinder
  1681 | D:3      | Found an ornate altar of the Wu Jian Council.
  1859 | D:3      | Paralysed by Grinder for 3 turns
  1873 | D:3      | Killed Grinder
  1874 | D:3      | Reached skill level 9 in Stealth
  1874 | D:3      | Reached XP level 7. HP: 25/40 MP: 7/7
  1877 | D:3      | Identified a scroll of acquirement
  1877 | D:3      | Acquired the +3 short sword "Qirayd" {spect, rCorr MP+9
                  | Str+3}
  1879 | D:3      | Found an iron altar of Okawaru.
  2980 | D:5      | Entered Level 5 of the Dungeon
  3358 | D:5      | Reached skill level 10 in Stealth
  3358 | D:5      | Reached XP level 8. HP: 44/44 MP: 8/8
  3459 | D:5      | Found a large runed translucent door.
  3460 | D:5      | Found a large runed translucent door.
  4224 | D:5      | Noticed hattop's ghost (amateur MDMo)
  4237 | D:5      | Slain by hattop's ghost

Illustrated notes

Levels and vault maps discovered:
D:1:      minmay_arrival_open_corners, layout_rooms, solitary_fountain
D:2:      layout_basic, uniq_sigmund, uniq_jessica
D:3:      layout_loops_ring, mainiacjoe_overflow_chevrons,
          mainiacjoe_overflow_catwalk, st_stairs_3, uniq_grinder
D:4:      layout_layer_cave
D:5:      layout_basic, ebering_ghost_disaster_area, serial_curves,
          eino_curves_04, eino_curves_03, eino_curves_01

Skill      XL: |  1  2  3  4  5  6  7  8 |
---------------+-------------------------+-----
Short Blades   | 3 4 5 7 8 9 |  9.1
Stealth        | 6 7 9 10 | 10.9
Fighting       | |  2.1
Throwing       | |  2.1
Dodging        | |  1.2

Action                     |  1- 3 |  4- 6 |  7- 9 || total
---------------------------+-------+-------+-------++-------
  Melee: Dagger            |    78 |    92 |     1 ||   171
         Short sword       |       |       |   103 ||   103
  Throw: Dart              |       |     3 |       ||     3
    Use: Potion            |       |     1 |       ||     1
         Scroll            |       |       |     2 ||     2
   Stab: Sleeping          |    16 |    12 |    16 ||    44
         Distracted        |       |     1 |     2 ||     3
 Armour: Robe              |    29 |    29 |    22 ||    80
  Dodge: Dodged            |    45 |    44 |    34 ||   123

Table legend: (Time is in decaauts)
 A = Elapsed time spent in this place.
 B = Non-inter-level travel time spent in this place.
 C = Inter-level travel time spent in this place.
 D = Time resting spent in this place.
 E = Time spent auto-exploring this place.
 F = Levels seen in this place.
 G = Mean time per level.
                   A        B        C        D        E       F      G
               +--------+--------+--------+--------+--------+-----+--------+
         Total |   4153 |   4001 |    152 |    208 |   3079 |   5 |  830.6 |
       Dungeon |   4153 |   4001 |    152 |    208 |   3079 |   5 |  830.6 |
               +--------+--------+--------+--------+--------+-----+--------+

Top non-repeatable levels by time:
     D:5: 961 daAuts
     D:4: 893 daAuts
     D:3: 875 daAuts
     D:2: 831 daAuts
     D:1: 591 daAuts
